Map: Dusk Towers

Players

vinŸeb

  • Race: Zerg Zerg
  • League: Master

Glorfindel - Winner!

  • Race: Terran Terran
  • League: Master

VOD

Have the link to the VOD?

Description

Time

  • Played on: March 24, 2016, 9 a.m.
  • Length: 9:22
Show
View Real Time Build Order
Export as new Build Order

vinŸeb Zerg 

Build Orders: Pool First 

Get SALT Encoding   

  12  0:01  Drone  
  13  0:08  Drone  
  14  0:17  Overlord  
  14  0:23  Extractor, Drone  
  15  0:35  Drone x2  
  17  0:45  Spawning Pool  
  17  0:48  Drone  
  17  0:52  Extractor  
  17  0:55  Drone  
  17  1:16  Hatchery  
  16  1:19  Drone  
  17  1:32  Zergling x2  
  18  1:33  Queen  
  18  1:37  Drone  
  21  1:40  Drone  
  22  1:55  Roach Warren, Drone  
  22  2:01  Overlord  
  22  2:10  Overlord  
  22  2:34  Roach x3  
  28  2:39  Roach  
  28  2:42  Queen  
  28  2:43  Drone  
  33  2:44  Drone  
  33  2:50  Overlord  
  34  2:55  Drone  
  34  3:01  Overlord  
  34  3:03  Drone  
  35  3:07  Ravager x2  
  35  3:10  Drone  
  38  3:15  Drone x2  
  38  3:18  Ravager  
  41  3:23  Drone  
  41  3:24  Drone  
  43  3:28  Drone x2  
  43  3:33  Drone x2  
  47  3:52  Ravager  
  48  3:57  Hatchery  
  44  4:05  Overlord  
  44  4:07  Drone x7  
  51  4:11  Extractor x2  
  49  4:24  Drone x5  
  50  4:27  Lair  
  54  4:33  Drone x2  
  54  4:34  Evolution Chamber  
  54  4:36  Evolution Chamber  
  54  4:44  Spore Crawler x2  
  52  4:46  Drone, Spore Crawler  
  52  4:47  Spore Crawler  
  52  4:50  Drone  
  52  4:51  Drone  
  53  5:02  Queen  
  53  5:03  Zerg Ground Armor Level 1  
  53  5:06  Zerg Missile Weapons Level 1  
  55  5:12  Spore Crawler  
  51  5:24  Queen  
  51  5:25  Drone x5  
  51  5:26  Drone  
  59  5:28  Glial Reconstitution  
  58  5:37  Drone x3, Spore Crawler  
  60  5:46  Drone x3  
  60  5:47  Hydralisk Den  
  63  5:50  Drone x2  
  63  5:54  Drone  
  63  5:55  Spore Crawler  
  64  5:57  Overlord  
  64  6:05  Overlord  
  64  6:06  Overlord  
  64  6:07  Drone x2  
  66  6:14  Overlord  
  66  6:19  Hydralisk, Muscular Augments  
  66  6:20  Hydralisk  
  66  6:24  Hydralisk  
  66  6:25  Extractor, Hydralisk  
  72  6:28  Overseer  
  72  6:30  Pneumatized Carapace  
  72  6:32  Drone x2  
  75  6:35  Drone x2  
  75  6:36  Drone  
  75  6:38  Hydralisk  
  80  6:41  Hydralisk  
  82  6:47  Hydralisk  
  82  6:50  Overlord  
  82  6:51  Overlord  
  84  7:05  Hydralisk  
  84  7:06  Hydralisk x3  
  90  7:20  Roach x5  
  97  7:36  Roach x7  
  111  7:42  Queen  
  113  7:52  Overlord x2  
  113  7:54  Ravager  
  114  8:17  Roach x4  
  102  8:32  Roach  
  102  8:33  Roach x4  
  103  8:40  Ravager  
  104  8:46  Roach x4  
Show
View Real Time Build Order
Export as new Build Order

Glorfindel Terran - Winner!

Build Orders: Reaper Expand, Mech 

Get SALT Encoding   

  12  0:00  SCV  
  13  0:13  SCV  
  14  0:18  Supply Depot  
  14  0:25  SCV  
  15  0:40  Refinery  
  15  0:41  Barracks  
  15  0:44  SCV  
  16  0:57  SCV  
  17  1:09  SCV  
  18  1:28  Reaper  
  18  1:29  Orbital Command  
  19  1:45  Command Center  
  19  1:55  Supply Depot  
  19  1:58  SCV  
  20  2:07  Barracks Reactor  
  20  2:09  Refinery  
  20  2:10  SCV  
  21  2:21  Factory  
  21  2:24  SCV  
  22  2:36  SCV  
  23  2:46  Marine x2  
  23  2:49  SCV  
  26  3:01  SCV  
  26  3:02  Orbital Command  
  27  3:05  Factory Tech Lab  
  27  3:09  Starport  
  27  3:10  Marine  
  28  3:13  Marine, SCV  
  30  3:25  SCV  
  31  3:28  SCV  
  32  3:34  Marine x2  
  32  3:37  SCV  
  32  3:40  SCV  
  36  3:42  Widow Mine  
  37  3:52  Marine  
  37  3:55  Banshee  
  38  3:56  Marine  
  38  3:59  SCV  
  38  4:03  Barracks  
  38  4:12  SCV  
  38  4:14  SCV  
  36  4:24  Supply Depot  
  36  4:25  Supply Depot  
  35  4:32  Fusion Core  
  35  4:36  Refinery  
  35  4:37  Refinery  
  33  4:45  Liberator  
  33  4:46  SCV x2  
  35  4:53  Command Center  
  35  4:58  SCV x2  
  40  5:10  SCV x2  
  42  5:22  SCV  
  42  5:23  SCV  
  42  5:24  Advanced Ballistics  
  44  5:34  SCV  
  44  5:35  SCV  
  46  5:45  Command Center  
  46  5:47  Liberator  
  46  5:51  Supply Depot  
  46  5:52  Supply Depot  
  46  5:53  Supply Depot  
  46  6:04  SCV x2  
  46  6:06  Factory  
  46  6:07  Factory  
  46  6:09  Orbital Command  
  46  6:11  Factory Tech Lab  
  51  6:16  SCV x2  
  53  6:18  Engineering Bay  
  53  6:21  Armory  
  53  6:27  Supply Depot  
  53  6:28  SCV x2  
  53  6:30  Liberator  
  55  6:37  Siege Tank  
  59  6:40  Orbital Command  
  59  6:41  SCV x2  
  60  6:53  SCV x2  
  65  6:54  Factory Tech Lab, Factory Reactor  
  66  7:03  Orbital Command  
  66  7:04  Factory  
  66  7:05  SCV  
  66  7:09  SCV x2, Refinery  
  66  7:10  Refinery  
  66  7:14  Siege Tank  
  71  7:15  Siege Tank  
  71  7:17  SCV  
  71  7:21  SCV  
  76  7:24  SCV  
  76  7:29  SCV  
  78  7:30  SCV  
  78  7:31  Hellion x2  
  78  7:33  SCV  
  78  7:34  Supply Depot  
  78  7:36  SCV  
  85  7:41  SCV  
  85  7:42  SCV  
  87  7:45  SCV  
  87  7:46  Siege Tank  
  87  7:48  Siege Tank, SCV  
  95  7:53  SCV  
  95  7:54  SCV  
  95  7:55  Hellion x2  
  95  7:56  Hellion  
  95  7:57  SCV  
  104  8:00  SCV  
  106  8:05  SCV  
  106  8:06  SCV  
  106  8:09  SCV  
  109  8:12  SCV  
  109  8:17  Hellion, Banshee, SCV  
  109  8:18  SCV  
  116  8:21  Siege Tank  
  116  8:24  Starport  
  116  8:25  Starport  
  111  8:43  Siege Tank  
  111  8:44  Hellion  
  116  8:48  Factory Tech Lab  
  116  8:49  Hellion  
  116  8:55  SCV  
  122  9:03  Starport Tech Lab x2  
  124  9:12  Missile Turret x2, Command Center  
  124  9:13  Missile Turret  
Tags
 
Add a new tag
Caveats
  • Supply blocks, unpowered buildings, or Contaminate may cause inaccurate times.
  • Supply counts are checked every 10 seconds.